 Dungeon Crawl Stone Soup version 0.30.1-8-g117510f58f (webtiles) character file.

Game seed: 10734370349427877101

4477 monsoonserge the Cleaver (level 10, -6/88 HPs)
             Began as a Minotaur Fighter on Sept 24, 2023.
             Was an Initiate of Gozag.
             Mangled by a yak (7 damage)
             ... on level 8 of the Dungeon.
             The game lasted 00:22:40 (6628 turns).

monsoonserge the Cleaver (Minotaur Fighter)         Turns: 6628, Time: 00:22:41

Health: -6/88      AC: 16    Str: 24    XL:     10   Next: 15%
Magic:  9/9        EV:  8    Int:  1    God:    Gozag
Gold:   248        SH:  9    Dex: 11    Spells: 9/9 levels left

rFire   + . .        a - +0 war axe
rCold   + + .        x - +0 kite shield
rNeg    . . .        v - +0 chain mail
rPois   .            (helmet restricted)
rElec   .            f - scarf {rC+ rF+}
rCorr   .            D - +2 pair of gloves "Saemmoef" {+Blink rC+ Will++ Int-4}
SInv    .            u - +0 pair of boots
Will    ++...        y - amulet of the acrobat Stlth
                     (no ring)
HPRegen 0.34/turn    (no ring)
MPRegen 0.11/turn

%: acrobat
@: gold aura
A: horns 2, retaliatory headbutt
a: Renounce Religion, Evoke Blink, Potion Petition, Call Merchant, Bribe Branch


You were on level 8 of the Dungeon.
You worshipped Gozag.
Gozag was aware of your devotion.
You visited 2 branches of the dungeon, and saw 9 of its levels.
You also visited: Sewer.

You collected 781 gold pieces.
You spent 434 gold pieces at shops.
You paid 99 gold pieces to Gozag.

Inventory:

Hand Weapons
 a - a +0 war axe (weapon)
 C - a +3 shortbow
Missiles
 s - 30 poisoned darts (quivered)
 B - a curare-tipped dart
Armour
 c - the +0 pair of gloves of the Lost Path {+Inv Str+2}
   (You found it on level 5 of the Dungeon)

   Str:       It affects your strength (+2).
   +Inv:      It lets you turn invisible.
 f - a scarf of resistance (worn)
 u - a +0 pair of boots (worn)
 v - a +0 chain mail (worn)
 x - a +0 kite shield (worn)
 A - a +2 robe of fire resistance
 D - the +2 pair of gloves "Saemmoef" (worn) {+Blink rC+ Will++ Int-4}
   (You bought it in a shop on level 5 of the Dungeon)

   Int:       It affects your intelligence (-4).
   rC:        It protects you from cold.
   +Blink:    It lets you blink.
   Will:      It greatly increases your willpower.
Jewellery
 y - an amulet of the acrobat (around neck)
Wands
 i - a wand of flame (7)
Scrolls
 g - a scroll of enchant armour {unknown}
 j - 4 scrolls of teleportation
 k - a scroll of immolation {unknown}
 l - a scroll of fear {unknown}
 p - a scroll of amnesia {unknown}
 q - 2 scrolls of fog {unknown}
 t - 3 scrolls of blinking
 w - 3 scrolls of poison {unknown}
 G - a scroll of silence {unknown}
Potions
 b - a potion of lignification
 d - 3 potions of might
 e - a potion of haste
 h - 4 potions of curing
 m - 2 potions of flight
 n - a potion of resistance {unknown}
 o - 2 potions of cancellation {unknown}
 r - 2 potions of degeneration {unknown}
 z - a potion of brilliance {unknown}
 E - a potion of berserk rage {unknown}
 F - a potion of heal wounds {unknown}


   Skills:
 + Level 8.2 Fighting
 + Level 12.1 Axes
 + Level 1.0 Throwing
 + Level 9.1 Armour
 - Level 2.0 Dodging
 - Level 1.0 Stealth
 - Level 6.0 Shields
 * Level 2.9 Evocations


You had 9 spell levels left.
You didn't know any spells.
Your spell library contained the following spells:

 Spells                   Type           Power      Damage    Failure   Level
 Apportation              Tloc           0%         N/A       99%         1
 Shock                    Conj/Air       0%         1d3       99%         1
 Summon Small Mammal      Summ           0%         N/A       99%         1
 Call Canine Familiar     Summ           0%         N/A       100%        3
 Summon Guardian Golem    Hex/Summ       0%         N/A       100%        3
 Leda's Liquefaction      Hex/Erth       0%         N/A       100%        4
 Alistair's Intoxication  Tmut/Pois      0%         N/A       100%        5
 Lee's Rapid Deconstruct  Erth           0%         3d4*      100%        5


Dungeon Overview and Level Annotations

Branches:
Dungeon (8/15)             Temple (1/1) D:6           Sewer (visited)
   Lair: D:8-11

Altars:
Ashenzari
Cheibriados
Dithmenos
Elyvilon
Fedhas
Gozag
Hepliaklqana
Kikubaaqudgha
Makhleb
Nemelex Xobeh
Okawaru
Qazlal
Ru
Sif Muna
Trog
Uskayaw
Vehumet
Wu Jian
Xom
Yredelemnul
The Shining One

Shops:
D:2 :   D:5 [(*?=   D:6 :


Innate Abilities, Weirdness & Mutations

You have a pair of horns on your head.
You reflexively headbutt those who attack you in melee.


Message History

You barely miss the wyvern.
The wyvern is severely wounded.
The wyvern bites you.
* * * LOW HITPOINT WARNING * * *
You block the wyvern's attack.
Unknown command.
You slash the wyvern!
You kill the wyvern!
You closely miss the iguana. Your headbutt misses the iguana.
The iguana bites you but does no damage.
You completely miss the iguana. You headbutt the iguana!
The iguana is severely wounded.
The iguana bites you but does no damage.
You slash the iguana!
You kill the iguana!
You hit the yak. You headbutt the yak!
The yak is moderately wounded.
Press: ? - help, v - describe, . - travel
Here: a yak (moderately wounded)
The floor.
You completely miss the yak.
The yak is moderately wounded.
You closely miss the yak. The yak gores you.
* * * LOW HITPOINT WARNING * * *
The yak closely misses you.
Unknown command.
You hit the yak. Your headbutt misses the yak.
The yak is heavily wounded.
You closely miss the yak. The yak gores you!
* * * LOW HITPOINT WARNING * * *
The yak is distracted by your dazzling golden aura.
The yak bellows!
Unknown command.
You slash the yak!
The yak is severely wounded.
You closely miss the yak.
The yak is no longer distracted by gold.
The yak gores you but does no damage. The yak gores you!
You die...
Your body crumbles into a pile of gold.

..P.... .......##
......P.## .........##
........ . #.....
...##..#.Y$$# # #..
.....#####Y# .##. .#...
....##.#@Y#..... .....
........$...#
#...###..#....##..# .
#.......###...# ..# #.
#........#.##.....# $
#.###...............##
.............##.......
.............###..###..##
...#..........##..# ..#


You could see 2 yaks.

Vanquished Creatures
  Pikel (Temple)
  A cyclops (Temple)
  2 wyverns (D:8)
  Eustachio (D:6)
  2 yaks (D:8)
  2 basilisks (D:8)
  2 water moccasins
  2 ice beasts
  2 black bears
  2 sky beasts (D:6)
  3 centaurs
  4 lemures
  2 kobold brigands
  5 bullfrogs
  3 scorpions
  A howler monkey (D:4)
  A jelly (D:7)
  9 hounds
  2 sleepcaps
  Crazy Yiuf (D:7)
  7 iguanas
  2 orc wizards (D:7)
  8 gnolls
  15 adders
  A river rat (D:4)
  A shadow imp (D:5)
  2 dart slugs
  22 orcs
  8 ball pythons
  12 endoplasms
  11 giant cockroaches
  4 goblins
  6 hobgoblins
  13 jackals
  19 kobolds
  7 quokkas
  6 bats
  10 frilled lizards
  9 rats
211 creatures vanquished.

Vanquished Creatures (others)
  A goblin (D:4)
1 creature vanquished.

Grand Total: 212 creatures vanquished

Notes
Turn   | Place    | Note
-------+----------+-------------------------------------------
     0 | D:1      | monsoonserge the Minotaur Fighter began the quest for the
                  | Orb.
     0 | D:1      | Reached XP level 1. HP: 19/19 MP: 0/0
   149 | D:1      | Reached XP level 2. HP: 27/27 MP: 1/1
   911 | D:2      | Reached XP level 3. HP: 31/33 MP: 2/2
   947 | D:2      | Reached skill level 3 in Axes
   951 | D:2      | Reached XP level 4. HP: 36/41 MP: 3/3
   952 | D:2      | Reached skill level 1 in Dodging
  1285 | D:2      | Found a sparkling altar of Nemelex Xobeh.
  1375 | D:2      | Found Set Hom's Book Boutique.
  1423 | D:2      | Reached XP level 5. HP: 46/47 MP: 4/4
  1586 | D:3      | Reached skill level 4 in Axes
  1764 | D:3      | Reached skill level 5 in Armour
  2083 | D:4      | Noticed a black bear
  2167 | D:4      | Killed a black bear
  2168 | D:4      | Reached skill level 5 in Fighting
  2168 | D:4      | Reached skill level 5 in Axes
  2168 | D:4      | Reached XP level 6. HP: 56/56 MP: 5/5
  2266 | D:4      | Reached skill level 6 in Axes
  2392 | D:4      | Found a glowing drain.
  2396 | Sewer    | Entered a sewer
  2474 | Sewer    | Reached XP level 7. HP: 59/61 MP: 6/6
  2493 | Sewer    | Reached skill level 1 in Throwing
  2644 | Sewer    | Reached skill level 7 in Axes
  2660 | Sewer    | Got Wyny's Precepts of the Forceful Quake
  3194 | D:5      | Entered Level 5 of the Dungeon
  3194 | D:5      | Found Pacuptab's Magic Scroll Shoppe.
  3197 | D:5      | Bought a scroll of teleportation for 33 gold pieces
  3307 | D:5      | Found a burning altar of Makhleb.
  3347 | D:5      | Found Qebuom's General Store.
  3360 | D:5      | Reached skill level 8 in Axes
  3364 | D:5      | Bought a potion of curing for 36 gold pieces
  3364 | D:5      | Bought a potion of lignification for 36 gold pieces
  3430 | D:5      | Found Dashiux's Antique Weapon Emporium.
  3440 | D:5      | Found Biarank's Antique Armour Emporium.
  3531 | D:5      | Identified the +0 pair of gloves of the Lost Path {+Inv
                  | Str+2}
  3597 | D:5      | Reached XP level 8. HP: 49/70 MP: 7/7
  3832 | D:5      | Found Suugheuss's Jewellery Emporium.
  4035 | D:6      | Found Tuptirat's Book Shoppe.
  4198 | D:6      | Found a staircase to the Ecumenical Temple.
  4200 | D:6      | Noticed Pikel
  4205 | D:6      | Noticed a cyclops
  4278 | D:6      | Noticed Eustachio
  4307 | D:6      | Killed Eustachio
  4339 | Temple   | Entered the Ecumenical Temple
  4751 | Temple   | Became a worshipper of Gozag Ym Sagoz the Greedy
  4831 | Temple   | Killed a cyclops
  4832 | Temple   | Reached skill level 9 in Axes
  4832 | Temple   | Reached skill level 5 in Shields
  4832 | Temple   | Killed Pikel
  4833 | Temple   | Reached skill level 10 in Axes
  4833 | Temple   | Reached skill level 1 in Stealth
  4833 | Temple   | Reached XP level 9. HP: 5/78 MP: 8/8
  5666 | D:5      | Bought a pair of bloodstained gloves for 247 gold pieces
  5666 | D:5      | Identified the +2 pair of gloves "Saemmoef" {+Blink rC+
                  | Will++ Int-4} (You bought it in a shop on level 5 of the
                  | Dungeon)
  5861 | D:5      | Bought a scroll of blinking for 82 gold pieces
  5946 | D:7      | Reached skill level 1 in Evocations
  6157 | D:7      | Reached skill level 11 in Axes
  6403 | D:7      | Found a runed translucent door.
  6404 | D:7      | Noticed Crazy Yiuf
  6499 | D:7      | Killed Crazy Yiuf
  6606 | D:8      | Reached XP level 10. HP: 56/88 MP: 9/9
  6619 | D:8      | Reached skill level 12 in Axes
  6627 | D:8      | HP: 1/88 [yak (13)]
  6628 | D:8      | Mangled by a yak

Illustrated notes

Levels and vault maps discovered:
D:1:      ldierk_walled_garden, layout_loops_corners, item_on_display_a
D:2:      minmay_diamond_boxcup, layout_loops_ring, basic_altar, serial_shops,
          shop
D:3:      layout_rooms
D:4:      layout_rooms, gup_sewer_entry_spiral, dreamdust_gnoll_farm
D:5:      layout_loops_ring, mainiacjoe_overflow_cross_hatched, serial_shops,
          nicolae_shop_temple_entry_statues_fountains, shop,
          nicolae_stop_n_shop_2, shop, nicolae_shop_tiny_statue_garden,
          st_stairs_8
D:6:      layout_basic, minmay_temple_entry_tees, serial_shops,
          nicolae_book_shop_shelving, kennysheep_flooded_box, uniq_pikel,
          uniq_eustachio
D:7:      layout_rooms, feat_on_display, uniq_crazy_yiuf_cottage
D:8:      layout_cave_pools, minmay_lair_entry_grove, corexii_corridor_pit,
          skrybe_limestone_x
Temple:   mainiacjoe_temple_big_plus

Skill      XL: |  1  2  3  4  5  6  7  8  9 10 |
---------------+-------------------------------+-----
Armour         | 4 5 6 7 8 9 |  9.1
Fighting       | 4 5 6 7 8 |  8.2
Axes           | 3 5 6 8 10 11 12 | 12.1
Shields        | 4 5 6 |  6.0
Dodging        | 1 2 |  2.0
Throwing       | 1 |  1.0
Stealth        | 1 |  1.0
Evocations     | 2 |  2.9

Action                     |  1- 3 |  4- 6 |  7- 9 | 10-12 || total
---------------------------+-------+-------+-------+-------++-------
  Melee: War axe           |    45 |   140 |   323 |    21 ||   529
         Headbutt          |     5 |    15 |    52 |     7 ||    79
  Throw: Dart              |       |     4 |       |       ||     4
  Evoke: Wand              |       |     1 |       |       ||     1
    Use: Scroll            |       |     2 |     1 |       ||     3
         Potion            |       |       |     2 |     1 ||     3
   Stab: Distracted        |       |       |     2 |       ||     2
 Armour: Scale mail        |    15 |    82 |    40 |       ||   137
         Chain mail        |       |       |   141 |    11 ||   152
  Dodge: Dodged            |    29 |    94 |   143 |     7 ||   273
  Block: Buckler           |     7 |    38 |    18 |       ||    63
         Kite shield       |       |       |   122 |    13 ||   135
